 Dungeon Crawl Stone Soup version 0.15-a0-77-g44c3f01 (webtiles) character file.

734 4tharraofdagon the Basher (level 7, 6/76 HPs)
             Began as an Ogre Berserker on Apr 7, 2014.
             Was an Initiate of the Shining One.
             Quit the game on Level 6 of the Dungeon.
             The game lasted 00:15:49 (1556 turns).

4tharraofdagon the Basher (Ogre Berserker)          Turns: 1556, Time: 00:15:49

HP   6/76        AC  5     Str 24      XL: 7   Next: 16%
MP   7/7         EV 10     Int  7      God: the Shining One [......]
Gold 234         SH  0     Dex  9      Spells:  0 memorised,  6 levels left

rFire  + . .     SeeInvis .     b - scroll of recharging {unknown}
rCold  . . .     Clarity  .     o - +2 robe {MR+}
rNeg   . . .     Conserve .     (shield restricted)
rPois  .         rCorr    .     (helmet restricted)
rElec  .         rRot     .     (no cloak)
SustAb + .       Spirit   .     (gloves unavailable)
rMut   .         Warding  .     (boots unavailable)
Saprov + . .     Stasis   .     (no amulet)
MR     +....                    d - ring of protection from fire
                                i - ring of sustain abilities

@: confused, somewhat resistant to hostile enchantments, extremely unstealthy
A: unfitting armour, fast metabolism 1, saprovore 1, tough skin 1
a: Renounce Religion


You were on level 6 of the Dungeon.
You worshipped the Shining One.
The Shining One was noncommittal.
You were not hungry.

You visited 1 branch of the dungeon, and saw 6 of its levels.

You collected 234 gold pieces.

Inventory:

Hand weapons
 a - a +0,+0 mace
 f - a +0,+0 flail
 g - a +0,+1 flail of protection
Armour
 k - a +0 pair of boots
 o - a +2 robe of magic resistance (worn)
Comestibles
 c - a meat ration
 t - a bread ration
 v - a chunk of hound flesh
Scrolls
 b - a scroll of recharging (in hand) {unknown}
 h - a scroll of immolation
 l - a scroll of remove curse
 m - 2 scrolls of teleportation {unknown}
 p - a scroll of fear {unknown}
Jewellery
 d - a ring of protection from fire (right hand)
 i - a ring of sustain abilities (left hand)
Potions
 e - a potion of lignification
 j - 4 potions of curing {unknown}
 n - 2 potions of restore abilities {unknown}
 q - 2 potions of might {unknown}
 r - a potion of heal wounds
 s - a potion of degeneration


   Skills:
 + Level 6.8 Fighting
 * Level 8.8 Maces & Flails
 - Level 2.9 Dodging


You had 6 spell levels left.
You didn't know any spells.

Dungeon Overview and Level Annotations

Branches:
Dungeon (6/15)             Temple (0/1) D:5

Altars:
Ashenzari
Elyvilon
Sif Muna
Zin
The Shining One


Innate Abilities, Weirdness & Mutations

You are too large for most types of armour.
You have a fast metabolism.
You can tolerate rotten meat.
You have tough skin (AC +1).


Message History

* * * LOW HITPOINT WARNING * * *
The black bear barely misses you.
The black bear claws you but does no damage.
The black bear barely misses you. The black bear claws you.
* * * LOW HITPOINT WARNING * * *
The black bear barely misses you.
The grizzly bear bites you but does no damage.
The grizzly bear claws you but does no damage.
The grizzly bear barely misses you. The black bear bites you!
* * * LOW HITPOINT WARNING * * *
The black bear claws you but does no damage. x2
Unknown command.
Unknown command.
Are you sure you want to abandon this character and quit the game? (Confirm with "yes".)
Okay, then.
Welcome back, 4tharraofdagon the Ogre Berserker.
The Shining One says: Lead the forces of light to victory!
Press ? for a list of commands and other information.
Unknown command.
Are you sure you want to abandon this character and quit the game? (Confirm with "yes".)

########+##
+(......U.#
#.....U@..#
#..%..UU..#
#...<.....#
#.........#
#.........#
#.........#
#.........#
#.........#
#.........


You could see a grizzly bear (berserk) and 3 black bears.

Vanquished Creatures
  Edmund (D:6)
  Blork the orc (D:4)
  A hound (D:5)
  3 orc wizards
  3 worker ants
  An orc priest (D:3)
  An adder (D:2)
  3 gnolls (D:2)
  A worm (D:5)
  An adder skeleton (D:5)
  2 giant geckos (D:2)
  10 orcs
  10 bats
  5 goblins
  5 hobgoblins
  7 kobolds
  4 giant cockroaches
  5 giant newts
  A kobold zombie (D:5)
  7 rats
72 creatures vanquished.

Notes
Turn   | Place    | Note
--------------------------------------------------------------
     0 | D:1      | 4tharraofdagon, the Ogre Berserker, began the quest for the Orb.
     0 | D:1      | Reached XP level 1. HP: 24/24 MP: 1/1
    99 | D:2      | Reached XP level 2. HP: 15/33 MP: 2/2
   123 | D:2      | Paralysed by a potion of paralysis for 4 turns
   161 | D:2      | Reached skill level 5 in Maces & Flails
   161 | D:2      | Reached XP level 3. HP: 7/40 MP: 3/3
   278 | D:1      | Acquired Trog's second power
   402 | D:2      | Reached XP level 4. HP: 19/49 MP: 4/4
   454 | D:3      | Found a shattered altar of Ashenzari.
   587 | D:3      | Reached skill level 5 in Fighting
   743 | D:3      | Reached skill level 6 in Maces & Flails
   794 | D:3      | Found a deep blue altar of Sif Muna.
   830 | D:3      | Reached XP level 5. HP: 49/57 MP: 5/5
   929 | D:4      | Noticed Blork the orc
   939 | D:4      | Killed Blork the orc
   939 | D:4      | Reached skill level 7 in Maces & Flails
   939 | D:4      | Reached XP level 6. HP: 31/67 MP: 6/6
  1167 | D:4      | Got a steaming robe
  1173 | D:4      | Identified the cursed -3 robe "Qiatot" {Str+4 Stlth-} (You found it on level 4 of the Dungeon)
  1188 | D:5      | Entered Level 5 of the Dungeon
  1192 | D:5      | Found a white marble altar of Elyvilon.
  1192 | D:5      | Found a glowing silver altar of Zin.
  1192 | D:5      | Found a glowing golden altar of the Shining One.
  1196 | D:5      | Fell from the grace of Trog
  1196 | D:5      | Became a worshipper of the Shining One
  1206 | D:5      | Found a staircase to the Ecumenical Temple.
  1321 | D:5      | Reached skill level 8 in Maces & Flails
  1426 | D:6      | Noticed Edmund
  1540 | D:6      | Killed Edmund
  1540 | D:6      | Reached XP level 7. HP: 76/76 MP: 7/7
  1553 | D:6      | Noticed a grizzly bear
  1556 | D:6      | Quit the game

Action                   |  1- 3 |  4- 6 |  7- 9 || total
-------------------------+-------+-------+-------++-------
Melee: Mace              |    53 |       |       ||    53
       Flail             |    26 |   177 |     1 ||   204
Invok: Berserk           |     2 |     2 |       ||     4
  Use: Potion            |     2 |     2 |       ||     4
       Scroll            |       |     5 |       ||     5
